 Dungeon Crawl Stone Soup version 0.30-a0-12-gd8047c6341 (webtiles) character file.

Game seed: 1171564116815385609

235 IdlyInterested the Trooper (level 5, -13/42 HPs)
             Began as a Demonspawn Wanderer on Aug 23, 2022.
             Killed from afar by Grinder (23 damage)
             ... with a bolt of dispelling energy
             ... on level 3 of the Dungeon.
             The game lasted 00:07:35 (2171 turns).

IdlyInterested the Trooper (Demonspawn Wanderer)    Turns: 2171, Time: 00:07:35

Health: -13/42     AC:  8    Str: 12    XL:     5   Next: 76%
Magic:  2/2        EV: 10    Int: 20    God:
Gold:   133        SH:  5    Dex: 19    Spells: 6/6 levels left

rFire   . . .      SeeInvis +    p - +7 short sword "Demonspawn's Foe" {antimagic, rCorr Int+7 Dex+4 SInv}
rCold   . . .      Faith    .    c - +0 buckler
rNeg    . . .      Spirit   .    j - +0 ring mail
rPois   .          Reflect  .    (no helmet)
rElec   .          Harm     .    (no cloak)
rCorr   +          Rampage  .    h - +0 pair of gloves
Will    .....                    (no boots)
Stlth   +.........               (no amulet)
HPRegen 0.14/turn                (no ring)
MPRegen 0.08/turn                (no ring)

@: no status effects
A: claws 1, molten scales 1, demonic magic 2
a: no special abilities


You were on level 3 of the Dungeon.
You visited 1 branch of the dungeon, and saw 3 of its levels.

You collected 133 gold pieces.

Inventory:

Hand Weapons
 a - a +0 trident
 b - a +0 short sword
 p - the +7 short sword "Demonspawn's Foe" (weapon) {antimagic, rCorr Int+7 Dex+4 SInv}
   (You found it on level 2 of the Dungeon)

   It reduces the magical energy of the wielder, and disrupts the spells and
   magical abilities of those it strikes.
   Natural abilities and divine invocations are not affected.
   Int:       It affects your intelligence (+7).
   Dex:       It affects your dexterity (+4).
   SInv:      It lets you see invisible.
   rCorr:     It protects you from acid and corrosion.
Missiles
 l - 6 boomerangs (quivered)
Armour
 c - a +0 buckler (worn)
 e - a +0 robe
 h - a +0 pair of gloves (worn)
 j - a +0 ring mail (worn)
Jewellery
 f - a ring of ice
Wands
 k - a wand of mindburst (7)
Scrolls
 d - a scroll of vulnerability
 i - 2 scrolls of teleportation
 m - 2 scrolls of enchant armour {unknown}
Potions
 n - 2 potions of flight {unknown}
 o - a potion of berserk rage {unknown}
 r - a potion of magic {unknown}


   Skills:
 + Level 4.2 Fighting
 * Level 1.9 Short Blades
 - Level 2.6 Polearms
 + Level 1.6 Armour
 - Level 2.0 Dodging
 + Level 3.0 Shields
 - Level 1.0 Spellcasting


You had 6 spell levels left.
You didn't know any spells.
Your spell library contained the following spells:

 Spells                   Type           Power      Damage    Failure   Level
 Shock                    Conj/Air       4%         1d3       45%         1
 Swiftness                Air            1%         N/A       83%         3
 Airstrike                Air            0%         2d(1-17)  99%         4


Dungeon Overview and Level Annotations

Branches:
Dungeon (3/15)

Altars:
Ru

Shops:
D:1 [

Annotations:
D:3 Grinder


Innate Abilities, Weirdness & Mutations

You have sharp fingernails.
You are partially covered in molten scales. (AC +2)
Spells you cast may paralyse nearby enemies.


Message History

Grinder is moderately wounded.
The bat barely misses you. Grinder barely misses you.
You barely miss Grinder.
Grinder is moderately wounded.
The bat closely misses you. You block the bat's attack. Grinder hits you.
You writhe in agony.
* * * LOW HITPOINT WARNING * * *
You feel better. The bat closely misses you.
Grinder blinks!
Grinder's magic is no longer disrupted.
You see here a scorpion corpse.
The bat barely misses you. Grinder gestures at you.
You suddenly lose the ability to move!
Grinder blinks!
The bat hits you but does no damage. x3
You can move again.
You puncture the bat!
You kill the bat!
You see here a ball python corpse.
You puncture Grinder!
Grinder's magic leaks into the air.
Grinder is heavily wounded.
Grinder barely misses you.
You hit Grinder.
Grinder's magic leaks into the air.
Grinder is severely wounded.
Grinder hits you.
You hit Grinder.
Grinder's magic leaks into the air.
Grinder is severely wounded.
Grinder hits you!
You writhe in agony.
* * * LOW HITPOINT WARNING * * *
You barely miss Grinder.
Grinder is severely wounded.
Grinder falters for a moment.
You hit Grinder.
Grinder's magic leaks into the air.
Grinder is almost dead.
Grinder barely misses you.
Grinder falters for a moment.
You closely miss Grinder.
Grinder is almost dead.
Grinder zaps a wand.
The bolt of dispelling energy hits you!!
Ouch! That really hurt!
You die...

### ..#
#.############
...#.........#
##...##.####.#
#.#.##.# #.#####
#......# #..†.@#
.....#..#
#.###5...#
.##.....# #.#
...#.#
..#.###...
#........# ....
#.#.##.P..PP...
..#.
#......PP......#
.##.
....##..P..P...#
.. #.#
....P..P..#


You could see Grinder (magic disrupted).

Vanquished Creatures
  A scorpion (D:3)
  Ijyb (D:3)
  2 orc wizards (D:3)
  5 adders
  A dart slug (D:1)
  2 orcs (D:3)
  8 bats
  2 endoplasms (D:2)
  5 giant cockroaches
  9 goblins
  3 hobgoblins
  2 quokkas
  5 ball pythons
  2 frilled lizards (D:1)
  2 kobolds
  A rat (D:2)
51 creatures vanquished.

Vanquished Creatures (others)
  28 plants (D:3)
28 creatures vanquished.

Grand Total: 79 creatures vanquished

Notes
Turn   | Place    | Note
-------+----------+-------------------------------------------
     0 | D:1      | IdlyInterested the Demonspawn Wanderer began the quest for
                  | the Orb.
     0 | D:1      | IdlyInterested set off with the following items: a +0
                  | trident, a +0 short sword, a +0 buckler, a scroll of
                  | vulnerability, a +0 robe.
     0 | D:1      | Reached XP level 1. HP: 15/15 MP: 2/2
   114 | D:1      | Found Numic's Armour Boutique.
   286 | D:1      | Gained mutation: You have sharp fingernails. [demonic
                  | ancestry]
   286 | D:1      | Reached XP level 2. HP: 18/22 MP: 3/3
   478 | D:1      | Reached skill level 2 in Fighting
   669 | D:1      | Reached skill level 1 in Dodging
  1078 | D:2      | Gained mutation: Spells you cast may paralyse adjacent
                  | enemies. [demonic ancestry]
  1078 | D:2      | Reached XP level 3. HP: 26/28 MP: 4/4
  1601 | D:2      | Identified the +7 short sword "Demonspawn's Foe"
                  | {antimagic, rCorr Int+7 Dex+4 SInv}
  2004 | D:3      | Reached skill level 3 in Fighting
  2004 | D:3      | Gained mutation: Spells you cast may paralyse nearby
                  | enemies. [demonic ancestry]
  2004 | D:3      | Reached XP level 4. HP: 32/35 MP: 1/5
  2022 | D:3      | Found a faded altar of an unknown god.
  2061 | D:3      | Found a sacrificial altar of Ru.
  2082 | D:3      | Reached skill level 4 in Fighting
  2104 | D:3      | Gained mutation: You are partially covered in molten
                  | scales. (AC +2) [demonic ancestry]
  2104 | D:3      | Reached XP level 5. HP: 42/42 MP: 2/6
  2139 | D:3      | Noticed Ijyb
  2140 | D:3      | Noticed Grinder
  2151 | D:3      | Killed Ijyb
  2160 | D:3      | Paralysed by Grinder for 4 turns
  2171 | D:3      | Killed from afar by Grinder

Illustrated notes

Levels and vault maps discovered:
D:1:      matt_arrival_spirals, layout_basic, serial_shops,
          nicolae_shop_statue_plus
D:2:      layout_loops_ring
D:3:      layout_loops_ring, bloody_makhleb,
          nicolae_ru_great_annihilating_truth,
          mainiacjoe_overflow_catch_the_wave, shapermc_ecumenical_altar_petra,
          cheibrodos_sewer_entry_drain, minmay_fractal_squares_5, uniq_ijyb,
          uniq_crazy_yiuf_cottage, uniq_grinder

Skill      XL: |  1  2  3  4  5 |
---------------+----------------+-----
Fighting       | 2 3 4 |  4.2
Dodging        | 1 2 |  2.0
Shields        | 3 |  3.0
Short Blades   | |  1.9
Polearms       | |  2.6
Armour         | |  1.6
Spellcasting   | |  1.0

Action                   |  1- 3 |  4- 6 || total
-------------------------+-------+-------++-------
Melee: Trident           |    93 |       ||    93
       Short sword       |    13 |    60 ||    73
  Use: Scroll            |     4 |       ||     4
       Potion            |       |     1 ||     1
 Stab: Sleeping          |     1 |       ||     1
       Paralysed         |       |     1 ||     1
Armor: Robe              |    10 |       ||    10
       Ring mail         |    26 |    28 ||    54
Dodge: Dodged            |    54 |    37 ||    91
Block: Buckler           |    26 |    19 ||    45

Table legend: (Time is in decaauts)
 A = Elapsed time spent in this place.
 B = Non-inter-level travel time spent in this place.
 C = Inter-level travel time spent in this place.
 D = Time resting spent in this place.
 E = Time spent auto-exploring this place.
 F = Levels seen in this place.
 G = Mean time per level.
                   A        B        C        D        E       F      G
               +--------+--------+--------+--------+--------+-----+--------+
         Total |   2196 |   2020 |    176 |    294 |   1157 |   3 |  732.0 |
       Dungeon |   2196 |   2020 |    176 |    294 |   1157 |   3 |  732.0 |
               +--------+--------+--------+--------+--------+-----+--------+

Top non-repeatable levels by time:
     D:1: 1049 daAuts
     D:2: 955 daAuts
     D:3: 191 daAuts
